 Dungeon Crawl Stone Soup version 0.30.1 (webtiles) character file.

Game seed: 10939507508555327491

3583 Eneregor the Cleaver (level 10, 0/88 HPs)
             Began as a Hill Orc Cinder Acolyte on July 7, 2023.
             Was a High Priest of Ignis.
             Slain by a three-headed hydra (11 damage)
             ... on level 7 of the Dungeon.
             The game lasted 00:21:09 (8050 turns).

Eneregor the Cleaver (Hill Orc Cinder Acolyte)      Turns: 8050, Time: 00:21:10

Health: 0/88       AC: 19    Str: 22    XL:     10   Next: 10%
Magic:  0/11       EV:  8    Int: 14    God:    Ignis [*****.]
Gold:   323        SH:  0    Dex:  6    Spells: 11/11 levels left

rFire   + . .        v - -1 hand axe (flame)
rCold   . . .        (no shield)
rNeg    . . .        h - +0 chain mail
rPois   .            u - +0 helmet
rElec   .            F - +0 cloak
rCorr   .            c - +0 pair of gloves
SInv    .            Q - +0 pair of boots
Will    +....        H - amulet of guardian spirit Stlth
                     t - ring of willpower
HPRegen 0.34/turn    r - +4 ring of protection
MPRegen 0.12/turn

%: guardian spirit
@: no status effects
A: no striking features
a: Renounce Religion, Fiery Armour, Foxfire Swarm, Rising Flame


You were on level 7 of the Dungeon.
You worshipped Ignis.
Ignis was extremely pleased with you.
You visited 1 branch of the dungeon, and saw 8 of its levels.
You also visited: Sewer.

You collected 323 gold pieces.

Inventory:

Hand Weapons
 v - a -1 hand axe of flaming (weapon)
 N - the +1 hand axe "Turch" {heavy, +Blink rPois Will- Int+4}
   (You found it on level 4 of the Dungeon)

   Int:       It affects your intelligence (+4).
   rPois:     It protects you from poison.
   +Blink:    It lets you blink.
   Will:      It decreases your willpower.
Missiles
 e - 12 poisoned darts (quivered)
 p - 2 atropa-tipped darts
 x - 2 throwing nets
Armour
 c - a +0 pair of gloves (worn)
 h - a +0 chain mail (worn)
 u - a +0 helmet (worn)
 F - a +0 cloak (worn)
 Q - a +0 pair of boots (worn)
Jewellery
 r - a +4 ring of protection (right hand)
 s - a ring of fire
 t - a ring of willpower (left hand)
 H - an amulet of guardian spirit (around neck)
Wands
 a - a wand of light (4)
 B - a wand of flame (24)
 D - a wand of mindburst (13)
 P - a wand of charming (4)
Scrolls
 b - 3 scrolls of teleportation
 g - a scroll of noise {unknown}
 i - 2 scrolls of fear {unknown}
 j - 11 scrolls of identify
 o - a scroll of enchant armour {unknown}
 q - 2 scrolls of magic mapping
 w - 2 scrolls of immolation {unknown}
 y - a scroll of amnesia {unknown}
 A - a scroll of blinking
 G - a scroll of enchant weapon {unknown}
 I - 4 scrolls of vulnerability {unknown}
 J - a scroll of silence {unknown}
Potions
 d - 5 potions of cancellation {unknown}
 f - a potion of lignification {unknown}
 k - 7 potions of curing
 l - 4 potions of heal wounds {unknown}
 m - 2 potions of mutation {unknown}
 n - a potion of might {unknown}
 z - 2 potions of magic {unknown}
 C - 2 potions of brilliance {unknown}
 E - a potion of flight {unknown}
 K - a potion of resistance
 L - a potion of berserk rage {unknown}
 M - a potion of degeneration {unknown}
 O - a potion of ambrosia {unknown}


   Skills:
 + Level 8.1 Fighting
 + Level 12.8 Axes
 - Level 1.6 Throwing
 - Level 5.9 Armour
 - Level 1.7 Dodging
 - Level 0.8 Stealth
 - Level 1.0 Spellcasting
 + Level 6.3 Fire Magic
 - Level 2.0 Evocations


You had 11 spell levels left.
You didn't know any spells.
Your spell library contained the following spells:

 Spells                   Type           Power      Damage    Failure   Level
 Scorch                   Fire           36%        2d7       17%         2
 Sublimation of Blood     Necr           0%         N/A       92%         2
 Wereblood                Tmut           0%         N/A       92%         2
 Frozen Ramparts          Ice            0%         1d1       99%         3
 Ice Form                 Ice/Tmut       0%         N/A       100%        4
 Summon Ice Beast         Ice/Summ       0%         N/A       100%        4
 Summon Hydra             Summ           0%         N/A       100%        7


Dungeon Overview and Level Annotations

Branches:
Dungeon (8/15)             Temple (0/1) D:6           Sewer (visited)
   Lair: D:8-11

Altars:
Elyvilon
Uskayaw
Yredelemnul
Zin

Shops:
D:7 (

Annotations:
D:3 Sigmund


Message History

You burn the five-headed hydra.
The five-headed hydra is moderately wounded.
The five-headed hydra bites you but does no damage.
The five-headed hydra bites you! The five-headed hydra bites you. x2
* * * LOW HITPOINT WARNING * * *
The five-headed hydra bites you but does no damage.
You hit the five-headed hydra. You burn the five-headed hydra.
The five-headed hydra is moderately wounded.
The five-headed hydra bites you but does no damage.
The five-headed hydra barely misses you.
The five-headed hydra bites you but does no damage.
The five-headed hydra bites you!
* * * LOW HITPOINT WARNING * * *
The five-headed hydra bites you but does no damage.
You lop one of the five-headed hydra's heads off!
The flame cauterises the wound!
You hit the four-headed hydra. You burn the four-headed hydra.
The four-headed hydra is moderately wounded.
You slice one of the four-headed hydra's heads off!
The flame cauterises the wound!
You slash the three-headed hydra! You burn the three-headed hydra.
The three-headed hydra is heavily wounded.
The three-headed hydra barely misses you.
The three-headed hydra bites you.
* * * LOW HITPOINT WARNING * * *
The three-headed hydra bites you but does no damage.
You hit the three-headed hydra. You burn the three-headed hydra.
The three-headed hydra is heavily wounded.
The three-headed hydra misses you. The three-headed hydra bites you.
* * * LOW HITPOINT WARNING * * *
The three-headed hydra bites you.
* * * LOW HITPOINT WARNING * * *
Unknown command.
You barely miss the three-headed hydra.
The three-headed hydra is heavily wounded.
You hit the three-headed hydra. You burn the three-headed hydra.
The three-headed hydra is heavily wounded.
The three-headed hydra bites you but does no damage.
The three-headed hydra bites you!
You die...

.#§§§≈'.## #.# #.#
.#§≈§≈#.### #.# #.#
.######...# #.# #.#
........#.# #.# #.#
#.###.###.# #.# #.#
#.###...#.###.# #.#
#.............####.#
#.#####.#.......##.#
..# #.#######.@D.#
### #.# #.#### #)#
#.######## #)#
#........# #)#
#.######.# #.# #.#
#.# ##.## #.# #.#
###...## ##.######.#
#......# #.........#


You could see a three-headed hydra.

Vanquished Creatures
  A cyclops (D:7)
  Maggie (D:7)
  Grinder (D:4)
  A water moccasin (D:6)
  Duvessa (D:4)
  A sky beast (D:7)
  4 ice beasts
  2 black bears
  2 ogres
  A phantom (D:4)
  4 bullfrogs
  A gnoll sergeant (D:6)
  4 scorpions
  A wight (D:8)
  Dowan (D:4)
  A howler monkey (D:5)
  A jelly (D:7)
  3 orc priests
  2 hounds
  Ijyb (D:4)
  Natasha (thrice) (D:4)
  4 orc wizards
  A sleepcap (D:7)
  4 iguanas
  13 gnolls
  11 adders
  An ufetubus (D:6)
  2 worms (D:2)
  4 dart slugs
  28 orcs
  12 endoplasms
  12 giant cockroaches
  5 goblins
  7 hobgoblins
  6 jackals
  8 quokkas
  18 ball pythons
  7 bats
  8 frilled lizards
  11 kobolds
  7 rats
206 creatures vanquished.

Vanquished Creatures (collateral kills)
  An orc wizard (D:5)
  An orc (D:5)
2 creatures vanquished.

Grand Total: 208 creatures vanquished

Notes
Turn   | Place    | Note
-------+----------+-------------------------------------------
     0 | D:1      | Eneregor the Hill Orc Cinder Acolyte began the quest for
                  | the Orb.
     0 | D:1      | Reached XP level 1. HP: 19/19 MP: 2/2
   136 | D:1      | Reached XP level 2. HP: 23/27 MP: 3/3
   484 | D:1      | Reached XP level 3. HP: 33/33 MP: 4/4
   583 | D:1      | Found a faded altar of an unknown god.
   938 | D:2      | Reached skill level 1 in Armour
  1026 | D:2      | Reached skill level 5 in Axes
  1488 | D:2      | Reached XP level 4. HP: 40/40 MP: 5/5
  2009 | D:3      | Noticed Sigmund
  2248 | D:4      | Noticed Natasha
  2248 | D:4      | Noticed Duvessa
  2256 | D:4      | Killed Natasha
  2257 | D:4      | Reached skill level 6 in Axes
  2257 | D:4      | Reached XP level 5. HP: 46/46 MP: 6/6
  2272 | D:4      | Noticed Natasha
  2281 | D:4      | Killed Natasha
  2373 | D:4      | Noticed Grinder
  2419 | D:4      | Noticed Dowan
  2635 | D:4      | Found a glowing silver altar of Zin.
  2638 | D:4      | Found a basalt altar of Yredelemnul.
  2639 | D:4      | Found a white marble altar of Elyvilon.
  2674 | D:4      | Noticed a phantom
  2705 | D:4      | Reached skill level 7 in Axes
  2705 | D:4      | Reached XP level 6. HP: 29/52 MP: 7/7
  2722 | D:5      | Entered Level 5 of the Dungeon
  2868 | D:5      | Found a glowing drain.
  2881 | Sewer    | Entered a sewer
  3241 | Sewer    | Reached skill level 8 in Axes
  3241 | Sewer    | Reached XP level 7. HP: 56/59 MP: 8/8
  4214 | D:6      | Reached skill level 9 in Axes
  4214 | D:6      | Reached skill level 1 in Dodging
  4368 | D:6      | Reached XP level 8. HP: 56/67 MP: 9/9
  4383 | D:6      | Reached skill level 5 in Fighting
  4552 | D:6      | Reached skill level 5 in Armour
  4652 | D:6      | Reached skill level 10 in Axes
  4721 | D:6      | Reached skill level 1 in Throwing
  5289 | D:6      | Found a staircase to the Ecumenical Temple.
  5498 | D:7      | Reached skill level 11 in Axes
  5588 | D:7      | Reached XP level 9. HP: 68/75 MP: 10/10
  5932 | D:7      | Found Vull's Weapon Boutique.
  6159 | D:7      | Noticed Maggie
  6188 | D:7      | Killed Maggie
  6458 | D:7      | Found a hide-covered altar of Uskayaw.
  6672 | D:8      | Reached skill level 12 in Axes
  6678 | D:8      | Reached skill level 5 in Fire Magic
  6711 | D:8      | Noticed a cyclops
  6711 | D:8      | Noticed a manticore
  6717 | D:8      | Noticed a seven-headed hydra
  7093 | D:4      | Identified the +1 hand axe "Turch" {heavy, +Blink rPois
                  | Will- Int+4}
  7171 | D:4      | Killed Duvessa
  7182 | D:4      | Killed Grinder
  7183 | D:4      | Reached skill level 1 in Evocations
  7257 | D:4      | Killed Dowan
  7372 | D:4      | Noticed Natasha
  7381 | D:4      | Killed Natasha
  7482 | D:4      | Noticed Ijyb
  7508 | D:4      | Killed Ijyb
  7930 | D:7      | Killed a cyclops
  7931 | D:7      | Reached XP level 10. HP: 69/88 MP: 7/11
  8050 | D:7      | Slain by a three-headed hydra

Illustrated notes

Levels and vault maps discovered:
D:1:      grunt_arrival_lava_bath, layout_basic,
          hellmonk_ecumenical_altar_run_dry
D:2:      layout_loops_corners, serial_forest, infiniplex_forest_straight_2,
          infiniplex_forest_straight_2, infiniplex_forest_zigzag_2,
          infiniplex_forest_clump_large, infiniplex_forest_straight_2,
          amcnicky_mini_corridor_feature, minmay_misc_feat_nine_boxes,
          chequers_serial_rivers_small_3, minmay_heptomino_h4
D:3:      layout_basic, xom_confusion_cloud, nicolae_overflow_hidden_temple,
          makhleb_altar_promises_db, chequers_serial_rivers_room_b,
          uniq_sigmund, uniq_jessica, uniq_terence
D:4:      layout_basic, minitemple, enter_ossuary_2,
          hangedman_abyss_or_decor_jellyfish_corner, kennysheep_cross_room,
          minmay_circle_x, uniq_natasha, uniq_grinder, uniq_ijyb, uniq_duvessa
D:5:      layout_gridville, gup_sewer_entry_bubbles, nicolae_sextant,
          mrwooster_statue_mirror, minivault_27
D:6:      layout_basic, minmay_temple_entry_nine_rooms, solitary_fountain,
          chequers_decorated_corner, hangedman_minor_gate_pass
D:7:      layout_loops_ring, general_overflow_altar, serial_shops, shop,
          chequers_serial_rivers_room_a, uniq_maggie
D:8:      minmay_the_grid_octo_tiled_squarecenter [minmay_the_grid_octo_77,
          minmay_the_grid_octo_horde, minmay_the_grid_octo_pinwheel,
          minmay_the_grid_octo_focus, minmay_the_grid_square_5x5_megaprize_open,
          minmay_the_grid_square_5x5_one_wall,
          minmay_the_grid_square_5x5_doubleslash,
          minmay_the_grid_square_5x5_lines,
          minmay_the_grid_square_5x5_bracketed], layout_gridville,
          fedhas_altar_fruit_tree, mainiacjoe_overflow_six_doors_small,
          erik_lair_orcish_takeover, serial_bayou_ford_a,
          kennysheep_generic_room_13

Skill      XL: |  1  2  3  4  5  6  7  8  9 |
---------------+----------------------------+-----
Armour         | 1 2 3 4 5 |  5.9
Axes           | 5 6 7 8 9 11 12 | 12.8
Fighting       | 4 5 8 |  8.1
Dodging        | 1 |  1.7
Throwing       | 1 |  1.6
Fire Magic     | 6 |  6.3
Evocations     | 2 |  2.0
Stealth        | |  0.8
Spellcasting   | |  1.0

Action                     |  1- 3 |  4- 6 |  7- 9 | 10-12 || total
---------------------------+-------+-------+-------+-------++-------
  Melee: Hand axe          |   136 |   325 |   513 |    10 ||   984
         Punch             |     1 |       |     5 |       ||     6
  Throw: Dart              |       |       |    62 |       ||    62
    Use: Scroll            |       |     5 |       |       ||     5
         Potion            |       |     1 |       |       ||     1
 Armour: Robe              |     8 |       |       |       ||     8
         Leather armour    |    32 |     5 |       |       ||    37
         Chain mail        |       |   176 |   261 |    21 ||   458
         Ring mail         |       |     5 |       |       ||     5
  Dodge: Dodged            |    74 |   140 |   149 |    12 ||   375
